 Dungeon Crawl Stone Soup version 0.17.0-1-g61d176b (console) character file.

66 gw the Shooter (level 3, 0/31 HPs)
             Began as a Centaur Hunter on Nov 7, 2015.
             Was an Initiate of Cheibriados.
             Succumbed to an adder's poison
             ... on level 3 of the Dungeon.
             The game lasted 00:02:32 (2456 turns).

gw the Shooter (Centaur Hunter)                     Turns: 2456, Time: 00:02:32

Health: 0/31       AC:  6    Str: 15    XL:     3   Next: 96%
Magic:  1/3        EV:  8    Int: 11    God:    Cheibriados [......]
Gold:   107        SH:  0    Dex: 11    Spells: 0 memorised, 2 levels left

rFire  . . .     SeeInvis .     c - +0 short sword
rCold  . . .     Clarity  +     g - +0 ring mail (curse)
rNeg   . . .     SustAt   .     (no shield)
rPois  .         Gourm    .     h - +0 helmet
rElec  .         Spirit   .     (no cloak)
rCorr  .         Warding  .     (no gloves)
rMut   .         Stasis   .     (no barding)
MR     .....                    d - amulet of clarity
Stlth  ..........               (no ring)
                                (no ring)

@: lethally poisoned (0 -> -5), not resistant to hostile enchantments, extremely
unstealthy
A: hooves 3, deformed body, speed 2, tough skin 3
a: Bend Time, Renounce Religion


You were on level 3 of the Dungeon.
You worshipped Cheibriados.
Cheibriados was noncommittal.
You were very hungry.

You visited 1 branch of the dungeon, and saw 3 of its levels.

You collected 107 gold pieces.

Inventory:

Hand Weapons
 c - a +0 short sword (weapon)
Missiles
 a - 14 arrows of dispersal
 b - 20 arrows
 f - 18 bolts
Armour
 g - a cursed +0 ring mail (worn)
 h - a +0 helmet (worn)
 i - a +0 plate armour
Jewellery
 d - an amulet of clarity (around neck)
Comestibles
 e - 3 bread rations


   Skills:
 + Level 3.2 Fighting
   Level 5.3 Bows
 + Level 1.6 Armour
 + Level 1.5 Dodging
 - Level 0.5 Stealth
 + Level 0.4 Invocations


You had 2 spell levels left.
You didn't know any spells.

Dungeon Overview and Level Annotations

Branches:
Dungeon (3/15)

Altars:
Ashenzari
Cheibriados
Dithmenos
Fedhas
Makhleb
Trog


Innate Abilities, Weirdness & Mutations

You have hooves in place of feet.
Armour fits poorly on your strangely shaped body.
You cover ground very quickly.
You have extremely tough skin (AC +3).


Message History

You swing at nothing.
Unknown command.
Unknown command.
Unknown command.
Unknown command.
ATTACKING (-1,0)
You swing at nothing.
You feel sick.
Unknown command.
Unknown command.
Unknown command.
Unknown command.
ATTACKING (1,0)
You swing at nothing.
Unknown command.
Unknown command.
Unknown command.
Unknown command.
ATTACKING (1,0)
You swing at nothing.
You die...

#.##.# #######.##.###
........#....#
#######.##.#.#
#.##.#.# #.##.#.#
#.##.#.#
.#############.##.#.#
......%c........>.#.#
...##########.....#.#
........#?##.# #..
#####...#....# #..#
#...####.# #..#
#...####### #..#
#........(. #..#
#........## #..#
#############.######.#


There were no monsters in sight!

Table legend:
 A = Turns spent in this place as a percentage of turns spent in the entire game.
 B = Non-inter-level travel turns spent in this place as a percentage of non-inter-level travel turns spent in the entire game.
 C = Inter-level travel turns spent in this place as a percentage of turns spent in this place.
 D = Turns resting spent in this place as a percentage of non-inter-level travel turns spent in this place.
 E = Turns spent auto-exploring this place as a percentage of non-inter-level travel turns spent in this place.
 F = Non-inter-level travel turns spent in this place divided by the number of levels of this place that you've seen.
                   A       B       C       D       E      F
               +-------+-------+-------+-------+-------+----------------------
         Total | 100.0 | 100.0 |   0.4 |   1.0 |   2.8 | 1187.0
       Dungeon | 100.0 | 100.0 |   0.4 |   1.0 |   2.8 | 1187.0
               +-------+-------+-------+-------+-------+----------------------

Table legend:
 A = Kills in this place as a percentage of kills in entire the game.
 B = Kills by you in this place as a percentage of kills by you in the entire game.
 C = Kills by friends in this place as a percentage of kills by friends in the entire game.
 D = Other kills in this place as a percentage of other kills in the entire game.
 E = Experience gained in this place as a percentage of experience gained in the entire game.
 F = Experience gained in this place divided by the number of levels of this place that you have seen.
                   A       B       C       D       E      F
               +-------+-------+-------+-------+-------+----------------------
         Total | 100.0 | 100.0 |  -nan |  -nan | 100.0 |  31.7
       Dungeon | 100.0 | 100.0 |  -nan |  -nan | 100.0 |  31.7
               +-------+-------+-------+-------+-------+----------------------

Vanquished Creatures
  3 adders
  A giant gecko (D:1)
  A bat (D:1)
  2 giant cockroaches
  6 goblins
  5 hobgoblins
  A quokka (D:2)
  3 ball pythons (D:1)
  7 giant newts
  2 jackals (D:1)
  3 kobolds (D:1)
  8 rats
42 creatures vanquished.

Notes
Turn   | Place    | Note
--------------------------------------------------------------
     0 | D:1      | gw the Centaur Hunter began the quest for the Orb.
     0 | D:1      | Reached XP level 1. HP: 17/17 MP: 1/1
   435 | D:1      | Reached XP level 2. HP: 19/25 MP: 2/2
   628 | D:1      | Reached skill level 1 in Armour
  1509 | D:1      | Reached XP level 3. HP: 30/30 MP: 3/3
  1587 | D:2      | Found a shattered altar of Ashenzari.
  1660 | D:2      | Found a blossoming altar of Fedhas.
  2016 | D:2      | Found a snail-covered altar of Cheibriados.
  2025 | D:2      | Became a worshipper of Cheibriados the Contemplative
  2138 | D:2      | Found a shadowy altar of Dithmenos.
  2237 | D:2      | Found a bloodstained altar of Trog.
  2237 | D:2      | Found a burning altar of Makhleb.
  2452 | D:3      | HP: 1/31 [poisoned by an adder]
  2456 | D:3      | Succumbed to an adder's poison

Action                   || total
-------------------------++-------
Melee: Short sword       ||   153
Invok: Bend Time         ||     1
  Eat: Chunk             ||     3

Vault maps used:
D:1:      dpeg_arrival_arbitrary_c, kennysheep_minor_cross
D:2:      ashenzari_conservatory_becter, grunt_dithmenos_smoke,
          cheibriados_altar_1, gammafunk_temple_overflow_pools,
          fedhas_altar_fruit_tree
D:3:      elyvilon_altar_4, uniq_terence
